 Dungeon Crawl Stone Soup version 0.17-b1-18-g553e9fc (webtiles) character file.

629 ReteAZ the Cutter (level 7, 0/49 HPs)
             Began as an Octopode Assassin on Nov 4, 2015.
             Slain by an ice beast (14 damage)
             ... on level 6 of the Dungeon.
             The game lasted 00:25:10 (4983 turns).

ReteAZ the Cutter (Octopode Assassin)               Turns: 4983, Time: 00:25:10

Health: 0/49       AC:  1    Str: 10    XL:     7   Next: 48%
Magic:  7/7        EV: 18    Int: 13    God:
Gold:   317        SH:  0    Dex: 21    Spells: 0 memorised, 6 levels left

rFire  . . .     SeeInvis .     H - +1 short sword (speed)
rCold  . . .     Clarity  .     (no shield)
rNeg   + . .     SustAt   +     (helmet restricted)
rPois  .         Gourm    .     (no amulet)
rElec  .         Spirit   .     g - ring of positive energy
rCorr  .         Warding  .     z - ring of sustain attributes
rMut   .         Stasis   .     (no ring)
MR     .....                    (no ring)
Stlth  ++++++....               (no ring)
                                (no ring)
                                (no ring)
                                (no ring)

@: agile, not resistant to hostile enchantments, very stealthy
A: almost no armour, amphibious, 8 rings, constrict 8, camouflage 1, gelatinous
body 1
a: no special abilities


You were on level 6 of the Dungeon.
You were not hungry.

You visited 1 branch of the dungeon, and saw 6 of its levels.

You collected 317 gold pieces.

Inventory:

Hand Weapons
 a - a +3 dagger
 b - a +0 blowgun
 H - a +1 short sword of speed (weapon)
Missiles
 c - 40 poisoned needles
 d - 2 curare-tipped needles
Armour
 u - a +1 buckler
 J - a +0 shield
Jewellery
 g - a ring of positive energy (left tentacle)
 z - a ring of sustain attributes (right tentacle)
Wands
 s - a wand of frost (28)
Scrolls
 f - 3 scrolls of enchant weapon
 i - 3 scrolls of remove curse
 o - 7 scrolls of identify
 F - a scroll of enchant armour
Potions
 k - a potion of might
 r - a potion of brilliance
 x - a potion of flight
Comestibles
 e - 6 bread rations
 j - 3 fruits
 m - 4 meat rations
 n - a slice of pizza
 C - a royal jelly
 D - 4 chunks of flesh


   Skills:
 + Level 4.4 Fighting
 * Level 6.2 Short Blades
 - Level 2.0 Throwing
 + Level 2.3 Dodging
 - Level 6.0 Stealth


You had 6 spell levels left.
You didn't know any spells.

Dungeon Overview and Level Annotations

Branches:
Dungeon (6/15)
 Temple: D:4-7

Altars:
Ashenzari
Kikubaaqudgha
Makhleb
Sif Muna
Trog
Vehumet
Xom
Zin

Annotations:
D:3 Clownie's ghost, amateur HOFi
D:5 happy2pester's ghost, novice HOGl


Innate Abilities, Weirdness & Mutations

You cannot wear most types of armour.
You are amphibious.
You can wear up to eight rings at the same time.
You can use your tentacles to constrict eight enemies at once.
Your skin changes colour to match your surroundings (Stealth).
Your rubbery body absorbs attacks (AC +1).


Message History

* * * LOW HITPOINT WARNING * * *
Drink which item? (? for menu, Esc to quit)
You feel much better. The ice beast hits you. The ice beast freezes you.
You hit the ice beast.
The ice beast is heavily wounded.
You barely miss the ice beast.
The ice beast is heavily wounded.
The ice beast hits you. The ice beast freezes you!
You barely miss the ice beast. Your squeeze misses the ice beast.
The ice beast is heavily wounded.
You hit the ice beast but do no damage.
You squeeze the ice beast, but do no damage.
The ice beast is heavily wounded.
The ice beast barely misses you.
You hit the ice beast.
The ice beast is heavily wounded.
The ice beast hits you.
* * * LOW HITPOINT WARNING * * *
The ice beast freezes you!
You die...

..........###
#####.#.....#
#.###...##
#.# ##...##
#.. #[...#
### ###..####
#.....##
##..Y..#
####@## ###


You could see an ice beast.

Vanquished Creatures
  A phantom (D:5)
  A centaur zombie (D:5)
  A crimson imp (D:5)
  3 jellies
  An orc priest (D:5)
  2 orc wizards
  2 worker ants (D:4)
  A hound skeleton (D:5)
  8 adders
  A worker ant zombie (D:6)
  3 gnolls (D:3)
  2 shadow imps
  2 adder skeletons (D:5)
  An ooze (D:1)
  3 worms
  24 orcs
  2 ball pythons
  A giant cockroach (D:1)
  6 hobgoblins
  A quokka (D:6)
  8 bats
  5 giant geckos
  3 giant newts
  4 goblins
  A jackal skeleton (D:4)
  4 kobolds
  6 rats
97 creatures vanquished.

Vanquished Creatures (others)
  A human (D:3)
1 creature vanquished.

Grand Total: 98 creatures vanquished

Notes
Turn   | Place    | Note
--------------------------------------------------------------
     0 | D:1      | ReteAZ the Octopode Assassin began the quest for the Orb.
     0 | D:1      | Reached XP level 1. HP: 14/14 MP: 1/1
   164 | D:1      | Reached XP level 2. HP: 19/19 MP: 2/2
  1091 | D:2      | Reached XP level 3. HP: 25/25 MP: 3/3
  1097 | D:2      | Found a burning altar of Makhleb.
  1153 | D:2      | Found a deep blue altar of Sif Muna.
  1256 | D:2      | Found a glowing silver altar of Zin.
  1320 | D:2      | Reached XP level 4. HP: 30/30 MP: 4/4
  1509 | D:3      | Found a shattered altar of Ashenzari.
  1651 | D:3      | Found an ancient bone altar of Kikubaaqudgha.
  1651 | D:3      | Noticed a human
  1655 | D:3      | Killed a human
  1677 | D:3      | Noticed Clownie's ghost (amateur HOFi)
  2642 | D:3      | Reached XP level 5. HP: 24/36 MP: 5/5
  2863 | D:3      | Found a shimmering altar of Xom.
  2930 | D:3      | Reached skill level 6 in Stealth
  3608 | D:5      | Entered Level 5 of the Dungeon
  3624 | D:5      | Reached skill level 5 in Short Blades
  3624 | D:5      | Reached XP level 6. HP: 42/42 MP: 6/6
  3756 | D:5      | Noticed a phantom
  3760 | D:5      | Noticed happy2pester's ghost (novice HOGl)
  3833 | D:5      | Killed a phantom
  4064 | D:5      | Reached XP level 7. HP: 36/48 MP: 7/7
  4586 | D:5      | Found a bloodstained altar of Trog.
  4662 | D:6      | Found a radiant altar of Vehumet.
  4983 | D:6      | Slain by an ice beast

Action                   |  1- 3 |  4- 6 |  7- 9 || total
-------------------------+-------+-------+-------++-------
Melee: Dagger            |    42 |   145 |    23 ||   210
       Short sword       |       |       |    38 ||    38
 Fire: Blowgun           |     2 |     3 |       ||     5
  Use: Scroll            |       |     5 |     6 ||    11
       Potion            |       |     1 |    10 ||    11
 Stab: Sleeping          |    15 |    11 |     3 ||    29
       Distracted        |       |     2 |     1 ||     3
  Eat: Chunk             |     1 |     9 |     3 ||    13
